 Dungeon Crawl Stone Soup version 0.30-a0-118-ga018f8e90f (webtiles) character file.

Game seed: 8432803266742191990

1999 Newt the Ducker (level 9, -10/65 HPs)
             Began as a Demonspawn Gladiator on Sept 13, 2022.
             Was a Follower of Dithmenos.
             Mangled by an orc warrior
             ... wielding a +0 halberd
              (19 damage)
             ... in a bailey.
             The game lasted 00:07:46 (5008 turns).

Newt the Ducker (Demonspawn Gladiator)              Turns: 5008, Time: 00:07:47

Health: -10/65     AC:  6    Str: 37    XL:     9   Next: 2%
Magic:  9/9        EV: 16    Int:  7    God:    Dithmenos [*.....]
Gold:   413        SH:  0    Dex: 19    Spells: 8/8 levels left

rFire   . . .      SeeInvis .    u - +7 quick blade of Perfectionism {flame, *Noise Str+8 Int-3 Dex+3}
rCold   . . .      Faith    .    (no shield)
rNeg    . . .      Spirit   .    b - +0 leather armour
rPois   .          Reflect  .    c - +0 helmet
rElec   .          Harm     .    (no cloak)
rCorr   .          Rampage  .    (no gloves)
Will    .....                    r - +1 pair of boots
Stlth   ++++......               l - amulet of regeneration
HPRegen 3.00/turn                x - +6 ring of strength
MPRegen 0.11/turn                t - +6 ring of strength

@: hasted, wreathed by umbra, very quick
A: claws 1, hooves 1, powered by death 1, weakness stinger 2
a: Renounce Religion


You were in a bailey.
You worshipped Dithmenos.
Dithmenos was aware of your devotion.
You visited 2 branches of the dungeon, and saw 8 of its levels.
You also visited: Bailey.

You collected 413 gold pieces.

Inventory:

Hand Weapons
 a - a +0 rapier
 i - a +2 vorpal hand axe
 u - the +7 quick blade of Perfectionism (weapon) {flame, *Noise Str+8 Int-3 Dex+3}
   (You acquired it on level 3 of the Dungeon)

   It burns those it strikes, dealing additional fire damage.
   Str:       It affects your strength (+8).
   Int:       It affects your intelligence (-3).
   Dex:       It affects your dexterity (+3).
   *Noise:    It may make noises in combat.
 H - the +7 quick blade "Poyhum" {vorpal, rElec rPois Will+}
   (You acquired it in a bailey)

   It inflicts extra damage upon your enemies.
   rElec:     It insulates you from electricity.
   rPois:     It protects you from poison.
   Will:      It increases your willpower.
Missiles
 d - 3 throwing nets (quivered)
 e - a javelin
Armour
 b - a +0 leather armour (worn)
 c - a +0 helmet (worn)
 r - a +1 pair of boots (worn)
 y - an orb of wrath
Jewellery
 l - an amulet of regeneration (around neck)
 t - a +6 ring of strength (right claw)
 x - a +6 ring of strength (left claw)
Wands
 o - a wand of flame (46)
Scrolls
 j - a scroll of butterflies
 s - a scroll of brand weapon
 v - 2 scrolls of teleportation
 C - a scroll of enchant armour
 F - 2 scrolls of amnesia
Potions
 f - 4 potions of heal wounds
 g - a potion of ambrosia
 h - a potion of attraction
 k - a potion of might
 m - a potion of haste
 n - 3 potions of curing
 p - 3 potions of degeneration
 q - a potion of brilliance
 w - 2 potions of cancellation
 z - a potion of berserk rage {unknown}
 A - a potion of magic {unknown}
 B - a potion of invisibility {unknown}
 D - a potion of lignification {unknown}
 E - a potion of mutation {unknown}


   Skills:
 - Level 4.0 Fighting
 - Level 6.0 Short Blades
 - Level 0.2 Axes
 - Level 1.7 Throwing
 + Level 7.2 Dodging
 - Level 6.0 Stealth


You had 8 spell levels left.
You didn't know any spells.
Your spell library contained the following spells:

 Spells                   Type           Power      Damage    Failure   Level
 Cigotuvi's Dreadful Rot  Necr/Pois/Air  0%         N/A       61%         2
 Poisonous Vapours        Pois/Air       0%         N/A       61%         2
 Dazzling Flash           Conj/Hex       0%         N/A       83%         3
 Ozocubu's Armour         Ice            0%         N/A       83%         3
 Iskenderun's Mystic Bla  Conj/Tloc      0%         2d3       99%         4
 Metabolic Englaciation   Hex/Ice        0%         N/A       100%        5
 Simulacrum               Ice/Necr       0%         N/A       100%        6
 Starburst                Conj/Fire      0%         6d3       100%        6


Dungeon Overview and Level Annotations

Branches:
Dungeon (7/15)             Temple (1/1) D:4          Bailey (1/1)

Altars:
Ashenzari
Dithmenos
Fedhas
Gozag
Kikubaaqudgha
Sif Muna
Uskayaw
Vehumet
Xom

Shops:
D:4 [


Innate Abilities, Weirdness & Mutations

You have sharp fingernails.
You have large cloven feet.
You regenerate a little health from kills.
You have a tail ending in a sharp stinger.


Message History

The orc warrior hits your butterfly with a +0 halberd!!
Your butterfly dies!
Your butterfly disappears in a burst of colours!
As you read the scroll labelled NUKHLU HYOLI, it crumbles to dust.
You assume a fearsome visage.
The orc looks frightened! x2
The orc warrior looks frightened!
The orc looks frightened!
The orc warrior looks frightened!
The orc knight looks frightened!
It was a scroll of fear.
An orc warrior comes into view. It is wielding a +0 halberd.
As you read the scroll labelled BAASOA QEBBYROT, it crumbles to dust.
You hear a loud clanging noise!
It was a scroll of noise.
You hear a shout!
Unknown command.
Unknown command.
You swap places.
The orc hums to itself desperately, trying to keep calm.
Items here: )) [[.
Cornered, the orc warrior turns to fight!
You hit the orc but do no damage.
Your attack snaps the orc out of its fear.
The orc hits you with a +0 halberd!
The orc warrior completely misses your butterfly.
You hit the orc. You burn the orc.
The orc is almost dead.
You puncture the orc! You burn the orc.
You kill the orc!
Dithmenos accepts your kill.
Unknown command.
The orc warrior closely misses you. x2
You swap places.
There is a large open door here.
You closely miss the orc warrior.
You hear a hideous shriek!
The orc warrior hits you with a +0 glaive.
The orc warrior hits you with a +0 halberd!!
* * * LOW HITPOINT WARNING * * *
The orc barely misses you.
The orc warrior hits you with a +0 halberd!!
You die...

..≈≈≈≈≈.. ..≈≈≈≈..#
## # # .≈≈≈≈≈..#
.####
###.....≈≈≈≈...#
....
♣...♣♣..≈≈≈bbb.##...
.....♣..≈≈≈≈bb.)#..#
.......######.b.#.8#
∩..........bb.b.#o.#
............)bb.@.o#
...........bb...oob#
∩.........b..b..#.o#
.....b.######...#.8#
........≈≈≈≈....#.o#
♣....♣..≈≈≈≈.♣.##...
###.....≈≈≈≈...#
.... ##.♣..≈≈≈≈♣..#
.#### #...≈≈≈≈≈♣ .#


You could see an orc knight (fleeing, ally target), 3 orc warriors and 2 orcs.

Vanquished Creatures
  Menkaure (D:6)
  Edmund (D:5)
  3 orc warriors (Bailey)
  A water moccasin (D:5)
  2 sky beasts
  A black bear (D:6)
  An ice beast (D:7)
  An ogre (D:6)
  A kobold brigand (D:4)
  A bullfrog (D:6)
  3 scorpions
  A wight (D:4)
  The ghost of shadownightmare the Firebug, a weakling DrFE (D:4)
  2 hounds (D:5)
  2 jellies
  4 orc wizards
  3 iguanas
  9 adders
  A shadow imp (D:6)
  A white imp (D:5)
  2 ufetubi (D:4)
  4 worms
  4 dart slugs
  22 orcs
  5 bats
  10 endoplasms
  A giant cockroach (D:1)
  11 goblins
  2 hobgoblins
  7 kobolds
  A quokka (D:4)
  4 ball pythons
  2 frilled lizards
  6 rats
121 creatures vanquished.

Vanquished Creatures (others)
  5 plants (D:2)
5 creatures vanquished.

Grand Total: 126 creatures vanquished

Notes
Turn   | Place    | Note
-------+----------+-------------------------------------------
     0 | D:1      | Newt the Demonspawn Gladiator began the quest for the Orb.
     0 | D:1      | Reached XP level 1. HP: 16/16 MP: 1/1
   147 | D:1      | Reached skill level 1 in Stealth
   163 | D:1      | Discovered your monstrous ancestry.
   163 | D:1      | Gained mutation: You have a small tail. [demonic ancestry]
   163 | D:1      | Reached XP level 2. HP: 18/22 MP: 2/2
   768 | D:2      | Reached XP level 3. HP: 28/28 MP: 3/3
  1864 | D:3      | Reached XP level 4. HP: 37/37 MP: 4/4
  1970 | D:3      | Identified a scroll of acquirement
  1970 | D:3      | Acquired the +7 quick blade of Perfectionism {flame, *Noise
                  | Str+8 Int-3 Dex+3}
  2198 | D:4      | Noticed shadownightmare's ghost (weakling DrFE)
  2201 | D:4      | Found a runed translucent door.
  2211 | D:4      | Found a staircase to the Ecumenical Temple.
  2220 | D:4      | Gained mutation: You regenerate a little health from kills.
                  | [demonic ancestry]
  2220 | D:4      | Reached XP level 5. HP: 42/42 MP: 5/5
  2227 | Temple   | Entered the Ecumenical Temple
  2278 | Temple   | Became a worshipper of Dithmenos the Shadowed
  2348 | D:4      | Killed shadownightmare's ghost
  2426 | D:4      | Found Gamid's Armour Emporium.
  2740 | D:4      | Reached skill level 5 in Short Blades
  2740 | D:4      | Gained mutation: You have a tail ending in a sharp stinger.
                  | [demonic ancestry]
  2740 | D:4      | Reached XP level 6. HP: 43/48 MP: 6/6
  3044 | D:5      | Entered Level 5 of the Dungeon
  3338 | D:5      | Reached XP level 7. HP: 54/54 MP: 7/7
  3348 | D:5      | Reached * piety under Dithmenos
  3571 | D:5      | Noticed Edmund
  3616 | D:5      | Killed Edmund
  3925 | D:6      | Reached skill level 5 in Stealth
  3957 | D:6      | Noticed Menkaure
  3963 | D:6      | Reached skill level 3 in Dodging
  3963 | D:6      | Gained mutation: You have large cloven feet. [demonic
                  | ancestry]
  3963 | D:6      | Reached XP level 8. HP: 39/60 MP: 8/8
  4268 | D:5      | Reached skill level 4 in Dodging
  4481 | D:6      | Killed Menkaure
  4482 | D:6      | Reached skill level 5 in Dodging
  4824 | D:6      | Reached skill level 6 in Dodging
  4913 | D:7      | Found a flagged portal.
  4923 | Bailey   | Entered a bailey
  4955 | Bailey   | Reached skill level 7 in Dodging
  4978 | Bailey   | Noticed an orc knight
  4994 | Bailey   | Gained mutation: You have sharp fingernails. [demonic
                  | ancestry]
  4994 | Bailey   | Reached XP level 9. HP: 33/65 MP: 9/9
  4996 | Bailey   | Acquired the +7 quick blade "Poyhum" {vorpal, rElec rPois
                  | Will+}
  5008 | Bailey   | Mangled by an orc warrior

Illustrated notes

Levels and vault maps discovered:
D:1:      wander_arrival_lonely_grave, layout_basic, nicolae_wormholes
D:2:      layout_basic, serial_bayou_lagoon_a, hex_medium
D:3:      layout_rooms, roderic_roman_lattice
D:4:      layout_basic, minmay_temple_entry_tees, serial_shops,
          nicolae_shop_waterfront, hellmonk_ghost_happy_afterlife,
          minmay_divided_ellipse
D:5:      layout_basic, uniq_edmund
D:6:      layout_rooms, serial_park_tiny_2, minmay_misc_feat_doors,
          minmay_misc_feat_enclosed, uniq_menkaure
D:7:      layout_loops_ring, enter_bailey_2, kennysheep_donut,
          uniq_prince_ribbit1, uniq_joseph
Temple:   nicolae_temple_elliptical
Bailey:   bailey_polearm_elven_captive_hellmonk, bailey

Skill      XL: |  1  2  3  4  5  6  7  8 |
---------------+-------------------------+-----
Stealth        | 1 2 6 |  6.0
Fighting       | 3 4 |  4.0
Short Blades   | 3 5 6 |  6.0
Dodging        | 3 7 |  7.2
Axes           | |  0.2
Throwing       | |  1.7

Action                   |  1- 3 |  4- 6 |  7- 9 || total
-------------------------+-------+-------+-------++-------
Melee: Rapier            |    17 |       |       ||    17
       Hand axe          |   104 |    21 |       ||   125
       Tailslap          |    10 |    12 |    29 ||    51
       Quick blade       |       |   115 |   179 ||   294
       Punch             |       |       |     2 ||     2
  Use: Scroll            |    11 |     3 |     6 ||    20
       Potion            |     3 |       |     2 ||     5
 Stab: Sleeping          |     6 |     3 |     1 ||    10
Armor: Leather armour    |    37 |    22 |    29 ||    88
Dodge: Dodged            |    66 |    51 |    55 ||   172

Table legend: (Time is in decaauts)
 A = Elapsed time spent in this place.
 B = Non-inter-level travel time spent in this place.
 C = Inter-level travel time spent in this place.
 D = Time resting spent in this place.
 E = Time spent auto-exploring this place.
 F = Levels seen in this place.
 G = Mean time per level.
                   A        B        C        D        E       F      G
               +--------+--------+--------+--------+--------+-----+--------+
         Total |   4885 |   4709 |    176 |    475 |   3368 |   9 |  542.8 |
       Dungeon |   4749 |   4608 |    141 |    456 |   3326 |   7 |  678.4 |
        Temple |     74 |     39 |     35 |      0 |     28 |   1 |   74.0 |
        Bailey |     61 |     61 |      0 |     19 |     14 |   1 |   61.0 |
               +--------+--------+--------+--------+--------+-----+--------+

Top non-repeatable levels by time:
     D:5: 1258 daAuts
     D:2: 902 daAuts
     D:4: 779 daAuts
     D:1: 750 daAuts
     D:3: 544 daAuts
     D:6: 503 daAuts
  Temple: 74 daAuts
  Bailey: 61 daAuts
     D:7: 11 daAuts
